 Dungeon Crawl Stone Soup version 0.30.0-10-gfe55d96785 (webtiles) character file.

Game seed: 7550576365975479202

934 hawla the Firebug (level 8, -10/58 HPs)
             Began as a Meteoran Fire Elementalist on May 14, 2023.
             Mangled by a hornet (14 damage)
             ... on level 5 of the Dungeon.
             The game lasted 00:05:13 (1370 turns).

hawla the Firebug (Meteoran Fire Elementalist)      Turns: 1370, Time: 00:05:14

Health: -10/58     AC: -2    Str: 10    XL:     8   Next: 59%
Magic:  2/17       EV: 13    Int: 19    God:
Gold:   110        SH:  0    Dex: 14    Spells: 11/18 levels left

rFire   + . .        f - +0 flail
rCold   . . .        (no shield)
rNeg    . . .        a - +0 robe
rPois   .            (no helmet)
rElec   .            (no cloak)
rCorr   .            (no gloves)
SInv    .            (no boots)
Will    +....        (no amulet)
Stlth   +            c - ring of protection from fire
HPRegen 0.29/turn    (no ring)
MPRegen 0.15/turn

%: no passive effects
@: corroded, slowed, glowing, very slow
A: sense surroundings 1, otherworldly, glowing, explore regen
a: no special abilities


You were on level 5 of the Dungeon.
You visited 2 branches of the dungeon, and saw 6 of its levels.

You collected 110 gold pieces.

Inventory:

Hand Weapons
 f - a +0 flail (weapon)
Armour
 a - a +0 robe (worn)
Jewellery
 c - a ring of protection from fire (left hand)
Wands
 g - a wand of flame (13)
 j - a wand of mindburst (15)
Scrolls
 e - a scroll of noise
 h - a scroll of blinking {unknown}
 i - 3 scrolls of identify
 m - a scroll of teleportation {unknown}
Potions
 b - a potion of magic
 k - a potion of curing
 l - a potion of berserk rage {unknown}


   Skills:
 + Level 0.6 Fighting
 * Level 3.3 Maces & Flails
 + Level 3.0 Dodging
 - Level 1.4 Stealth
 + Level 5.9 Spellcasting
 + Level 6.2 Conjurations
 + Level 6.8 Fire Magic


You had 11 spell levels left.
You knew the following spells:

 Your Spells              Type           Power      Damage    Failure   Level
a - Foxfire               Conj/Fire      100%       2x1d9     1%          1
b - Scorch                Fire           62%        2d8       1%          2
c - Flame Wave            Conj/Fire      30%        2d9       8%          4

Your spell library contained the following spells:

 Spells                   Type           Power      Damage    Failure   Level
 Inner Flame              Hex/Fire       18%        N/A       9%          3
 Volatile Blastmotes      Fire/Tloc      36%        2d13      9%          3
 Summon Small Mammal      Summ           20%        N/A       12%         1
 Call Canine Familiar     Summ           5%         N/A       34%         3
 Summon Guardian Golem    Hex/Summ       5%         N/A       34%         3


Dungeon Overview and Level Annotations

Branches:
Dungeon (5/15) Zot: 1748   Temple (1/1) D:4 Zot: 477

Altars:
Ashenzari
Elyvilon
Fedhas
Gozag
Hepliaklqana
Kikubaaqudgha
Makhleb
Nemelex Xobeh
Qazlal
Ru
Sif Muna
Trog
Uskayaw
Wu Jian
Xom

Annotations:
D:5 hawla's ghost, novice MeFE


Innate Abilities, Weirdness & Mutations

You passively map a small area around you.
You are easily found by Zot.
You glow in the dark.
You regain HP and MP as you explore.


Message History

The gnoll is severely wounded.
Casting: Foxfire (safe; 1% risk of failure)
Confirm with . or Enter, or press ? or * to list all spells.
Flames lash the gnoll.
The gnoll is almost dead.
The gnoll's fire resistance burns away.
The gnoll hits you from afar with a +0 spear.
The gnoll hits you with a +0 spear.
You hit the gnoll.
You kill the gnoll!
You see here a +0 spear.
You see here a +0 flail.
Items here: ))) [[ †††.
You open the gate. You hit the gnoll. You punch the gnoll.
The gnoll is heavily wounded.
The gnoll barely misses you. The jelly hits you.
You are splashed with acid!
As you read the scroll labelled KYUSOSKAROSCH, it crumbles to dust.
The scroll dissolves into smoke.
It was a scroll of fog.
The gnoll hits you with a +0 club! The jelly closely misses you.
Hawla's ghost wails, "You will never get the ORB!"
The hornet stings you.
You feel yourself slow down.
Press: ? - help, v - describe, . - travel
Here: hawla's ghost The floor.
As you read the scroll labelled WIANOXYWAO, it crumbles to dust.
You hear a loud clanging noise!
It was a scroll of noise.
You feel yourself speed up. The hornet closely misses you.
The gnoll misses you. The jelly hits you. The acid corrodes you!
You are splashed with acid.
The hornet stings you!
You feel yourself slow down. The gnoll barely misses you.
The jelly closely misses you. The hornet attacks as you move away!
The hornet stings you!
* * * LOW HITPOINT WARNING * * *
You feel as though you will be slow longer.
The jelly attacks as you move away! The jelly misses you.
The hornet closely misses you. The hornet attacks as you move away!
The hornet stings you!
You die...

######## #...#
.......########...# *
..............#...# ,
..............+...+ *
..............#...#*
#####.........#..)# *
...##.........#...######,
...##.........##.§##.8.##
...##...########@g#.....#
...##...# #####yJhW.$.8#
...##...####...§§§§._8.∩#
......÷......###§§'$...8#
<##..........# #.)#.$$$∩#
###.........## #).##.8∩##
########'## #...#####
######..# #.###
####.).##.## #..


You could see a hornet, a black bear, a jelly, hawla's ghost and a gnoll.

Vanquished Creatures
  An ice beast (D:5)
  3 ogres
  2 phantoms
  4 scorpions (D:5)
  A hound (D:5)
  An iguana (D:5)
  An orc wizard (D:5)
  4 gnolls (D:5)
  5 adders
  A dart slug (D:4)
  6 orcs
  4 ball pythons
  3 endoplasms
  A giant cockroach (D:4)
  4 hobgoblins (D:4)
  3 jackals (D:2)
  4 quokkas
  2 bats
  3 goblins
  5 kobolds
  A rat (D:3)
59 creatures vanquished.

Vanquished Creatures (others)
  96 foxfires
96 creatures vanquished.

Grand Total: 155 creatures vanquished

Notes
Turn   | Place    | Note
-------+----------+-------------------------------------------
     0 | D:1      | hawla the Meteoran Fire Elementalist began the quest for
                  | the Orb.
     0 | D:1      | Reached XP level 1. HP: 14/14 MP: 5/5
    10 | D:2      | Reached XP level 2. HP: 13/20 MP: 0/7
    14 | D:2      | Learned a level 2 spell: Scorch
    69 | D:2      | Reached XP level 3. HP: 26/26 MP: 5/8
   185 | D:4      | Noticed a phantom
   195 | D:4      | Killed a phantom
   196 | D:4      | Reached skill level 5 in Fire Magic
   196 | D:4      | Reached XP level 4. HP: 22/33 MP: 1/11
   196 | D:4      | Reached XP level 5. HP: 26/38 MP: 1/12
   201 | D:4      | Learned a level 4 spell: Flame Wave
   381 | D:4      | Noticed an ogre
   384 | D:4      | Killed an ogre
   385 | D:4      | Reached XP level 6. HP: 38/45 MP: 7/13
   551 | D:4      | Found a staircase to the Ecumenical Temple.
   579 | Temple   | Entered the Ecumenical Temple
  1041 | D:5      | Entered Level 5 of the Dungeon
  1052 | D:5      | Reached skill level 5 in Conjurations
  1068 | D:5      | Reached XP level 7. HP: 36/50 MP: 7/14
  1082 | D:5      | HP: 1/50 [ice beast (12)]
  1085 | D:5      | Reached skill level 1 in Maces & Flails
  1209 | D:5      | Reached skill level 5 in Spellcasting
  1233 | D:5      | Reached XP level 8. HP: 57/57 MP: 11/16
  1332 | D:5      | Found a runed translucent gate.
  1332 | D:5      | Found a runed translucent gate.
  1333 | D:5      | Found a runed translucent gate.
  1334 | D:5      | Found an opulent altar of Gozag.
  1334 | D:5      | Noticed a hornet
  1336 | D:5      | Noticed hawla's ghost (novice MeFE)
  1370 | D:5      | Mangled by a hornet

Illustrated notes

Levels and vault maps discovered:
D:1:      amcnicky_arrival_gap_in_the_tavern_cellar, layout_basic
D:2:      layout_basic
D:3:      layout_rooms, uniq_terence
D:4:      minmay_door_path, layout_loops_ring, temple_green
D:5:      old_forge, layout_basic, ebering_ghost_gozag
Temple:   regret_index_temple_waves

Skill      XL: |  1  2  3  4  5  6  7  8 |
---------------+-------------------------+-----
Spellcasting   | 3 4 5 |  5.9
Fire Magic     | 4 5 6 |  6.8
Conjurations   | 4 5 6 |  6.2
Maces & Flails | 2 3 |  3.3
Dodging        | 3 |  3.0
Fighting       | |  0.6
Stealth        | |  1.4

Action                     |  1- 3 |  4- 6 |  7- 9 || total
---------------------------+-------+-------+-------++-------
  Melee: Unarmed           |     3 |       |       ||     3
         Flail             |       |     9 |     4 ||    13
         Punch             |       |       |     1 ||     1
   Cast: Foxfire           |    21 |    20 |    16 ||    57
         Scorch            |     5 |    18 |    16 ||    39
         Flame Wave        |       |     1 |     4 ||     5
    Use: Scroll            |     1 |       |     2 ||     3
         Potion            |       |       |     1 ||     1
 Armour: Robe              |       |     1 |       ||     1
  Dodge: Dodged            |     3 |     6 |     9 ||    18
